 Dungeon Crawl Stone Soup version 0.30-a0-723-gc1506a1cf0 (webtiles) character file.

Game seed: 15685470402863930259

67 PriceMaster the Conjurer (level 4, -2/27 HPs)
             Began as an Octopode Conjurer on Jan 28, 2023.
             Was a Believer of Dithmenos.
             Killed from afar by Sigmund (9 damage)
             ... with a magic dart
             ... on level 2 of the Dungeon.
             The game lasted 00:06:25 (1624 turns).

PriceMaster the Conjurer (Octopode Conjurer)        Turns: 1624, Time: 00:06:25

Health: -2/27      AC:  1    Str:  6    XL:     4   Next: 18%
Magic:  3/7        EV: 13    Int: 22    God:    Dithmenos [**....]
Gold:   75         SH:  0    Dex: 10    Spells: 4/7 levels left

rFire   . . .      SeeInvis .    f - +0 dagger (vamp)
rCold   . . .      Faith    .    (no shield)
rNeg    . . .      Spirit   .    (helmet restricted)
rPois   .          Reflect  .    (no amulet)
rElec   .          Harm     .    (no ring)
rCorr   .          Rampage  .    (no ring)
Will    .....                    (no ring)
Stlth   ++                       (no ring)
HPRegen 0.24/turn                (no ring)
MPRegen 0.10/turn                (no ring)
                                 (no ring)
                                 (no ring)

@: confused, brilliant, wreathed by umbra
A: almost no armour, amphibious, 8 rings, camouflage 1, gelatinous body 1,
(nimble swimmer 1), tentacles
a: Renounce Religion, Shadow Step


You were on level 2 of the Dungeon.
You worshipped Dithmenos.
Dithmenos was pleased with you.
You visited 1 branch of the dungeon, and saw 3 of its levels.

You collected 75 gold pieces.

Inventory:

Hand Weapons
 b - a +0 spear
 e - a +0 short sword
 f - a +0 vampiric dagger (weapon)
Armour
 q - a +0 pair of boots
Scrolls
 d - a scroll of torment {unknown}
 g - a scroll of poison {unknown}
 h - 2 scrolls of fear {unknown}
 i - a scroll of enchant weapon {unknown}
 k - a scroll of teleportation {unknown}
 r - a scroll of magic mapping {unknown}
 s - a scroll of identify
 t - 2 scrolls of noise {unknown}
Potions
 m - a potion of mutation
 p - a potion of invisibility {unknown}


   Skills:
 * Level 1.3 Short Blades
 + Level 2.3 Dodging
 + Level 3.0 Stealth
 * Level 2.2 Spellcasting
 + Level 4.9 Conjurations


You had 4 spell levels left.
You knew the following spells:

 Your Spells              Type           Power      Damage    Failure   Level
a - Magic Dart            Conj           100%       1d8       1%          1
b - Searing Ray           Conj           72%        2d7       2%          2

Your spell library contained the following spells:

 Spells                   Type           Power      Damage    Failure   Level
 Dazzling Flash           Conj/Hex       38%        N/A       14%         3
 Blink                    Tloc           6%         N/A       21%         2
 Fulminant Prism          Conj/Hex       9%         3d6       43%         4
 Iskenderun's Mystic Bla  Conj/Tloc      19%        2d6       43%         4
 Summon Ice Beast         Ice/Summ       3%         N/A       80%         4
 Dispersal                Tloc           1%         N/A       100%        6


Dungeon Overview and Level Annotations

Branches:
Dungeon (3/15)

Altars:
Dithmenos

Annotations:
D:2 Sigmund


Innate Abilities, Weirdness & Mutations

You cannot wear most types of armour.
You are amphibious.
You can wear up to eight rings at the same time.
Your skin changes colour to match your surroundings (Stealth+).
Your rubbery body absorbs attacks. (AC +1, EV +1)
((You are camouflaged when in or above water. (Stealth+)))
You have tentacles for arms and can constrict up to eight enemies at once.


Message History

You're too confused to cast spells.
Okay, then.
You're too confused to cast spells.
Okay, then.
You're too confused to cast spells.
Sigmund casts a spell.
Sigmund flickers and vanishes!
Deactivating autopickup; reactivate with Ctrl-A.
You bump into the rock wall.
You bump into the rock wall.
A magic dart appears from out of thin air!
The magic dart hits you!
You're too confused to cast spells.
Okay, then.
You feel less confused.
Casting: Magic Dart (safe; 1% risk of failure)
Confirm with . or Enter, or press ? or * to list all spells.
You don't know that spell.
A magic dart appears from out of thin air!
The magic dart hits you!
* * * LOW HITPOINT WARNING * * *
Unknown command.
Unknown command.
You feel better.
Casting: Magic Dart (safe; 1% risk of failure)
Confirm with . or Enter, or press ? or * to list all spells.
You can't see any susceptible monsters within range! (Use Z to cast anyway.)
Okay, then.
Throw: throwing net
Press: ? - help, Q - select action, (/) - cycle Shift-Dir - straight line You throw a throwing net.
Something hits you!
* * * LOW HITPOINT WARNING * * *
You hear some strange, mumbled words.
You are confused.
It was a potion of brilliance.
You feel clever all of a sudden.
A magic dart appears from out of thin air!
The magic dart hits you!
You die...

######### #.......#
#####.......############
#..............[.......# ###
#.(.....{..@...........#####
..#
#......................'....
..#
#.....######...........#####
..# #.....# #####.......# #.
..# #(...$# #.......# #.
..####..[..# #.......# #.
..#........# #......(#####
..#........# #............
.[#.....#### #........####


There were no monsters in sight!

Vanquished Creatures
  Robin (D:2)
  A gnoll (D:2)
  An adder (D:2)
  A worm (D:2)
  A dart slug (D:1)
  An endoplasm (D:2)
  A giant cockroach (D:1)
  7 goblins
  5 hobgoblins
  2 quokkas
  5 ball pythons
  2 bats
  A frilled lizard (D:1)
  4 rats (D:1)
33 creatures vanquished.

Notes
Turn   | Place    | Note
-------+----------+-------------------------------------------
     0 | D:1      | PriceMaster the Octopode Conjurer began the quest for the
                  | Orb.
     0 | D:1      | Reached XP level 1. HP: 11/11 MP: 3/3
   119 | D:1      | Reached XP level 2. HP: 17/17 MP: 0/5
   573 | D:1      | Found a faded altar of an unknown god.
   774 | D:1      | Prayed at the altar of an unknown god.
   774 | D:1      | Became a worshipper of Dithmenos the Shadowed
   774 | D:1      | Reached * piety under Dithmenos
   887 | D:2      | Noticed Sigmund
   917 | D:2      | Reached XP level 3. HP: 21/21 MP: 1/6
  1307 | D:2      | Reached skill level 1 in Short Blades
  1331 | D:2      | Got the Parchment of the Swarm and Distance
  1335 | D:2      | Learned a level 2 spell: Searing Ray
  1481 | D:2      | Noticed Robin
  1500 | D:2      | Reached ** piety under Dithmenos
  1501 | D:2      | Reached XP level 4. HP: 19/27 MP: 2/7
  1511 | D:2      | Killed Robin
  1624 | D:2      | Killed from afar by Sigmund

Illustrated notes

Levels and vault maps discovered:
D:1:      eino_arrival_druids_welcome, layout_loops_cross,
          hellmonk_ecumenical_altar_run_dry
D:2:      minmay_inner_zag, layout_basic, uniq_sigmund, uniq_robin
D:3:      layout_loops_corners, mainiacjoe_overflow_small_starburst,
          minmay_lizard_king

Skill      XL: |  1  2  3 |
---------------+----------+-----
Short Blades   | 1 |  1.3
Stealth        | 3 |  3.0
Dodging        | |  2.3
Spellcasting   | |  2.2
Conjurations   | |  4.9

Action                     |  1- 3 |  4- 6 || total
---------------------------+-------+-------++-------
  Melee: Short sword       |     4 |       ||     4
         Constrict         |    11 |       ||    11
         Tentacles         |     7 |       ||     7
         Dagger            |    34 |       ||    34
  Throw: Throwing net      |       |     4 ||     4
   Cast: Magic Dart        |    28 |     5 ||    33
         Searing Ray       |     2 |     4 ||     6
    Use: Scroll            |     2 |     1 ||     3
         Potion            |     1 |     3 ||     4
   Stab: Sleeping          |     3 |       ||     3
 Armour: Skin              |     6 |       ||     6
  Dodge: Dodged            |    36 |     5 ||    41

Table legend: (Time is in decaauts)
 A = Elapsed time spent in this place.
 B = Non-inter-level travel time spent in this place.
 C = Inter-level travel time spent in this place.
 D = Time resting spent in this place.
 E = Time spent auto-exploring this place.
 F = Levels seen in this place.
 G = Mean time per level.
                   A        B        C        D        E       F      G
               +--------+--------+--------+--------+--------+-----+--------+
         Total |   1622 |   1532 |     90 |    189 |    935 |   3 |  540.7 |
       Dungeon |   1622 |   1532 |     90 |    189 |    935 |   3 |  540.7 |
               +--------+--------+--------+--------+--------+-----+--------+

Top non-repeatable levels by time:
     D:1: 827 daAuts
     D:2: 793 daAuts
     D:3: 1 daAuts
